 Dungeon Crawl Stone Soup version 0.28.0-53-g5a82cb258f (webtiles) character file.

Game seed: 10560083505265406867

15730 nekomimirex the Fighter (level 12, -15/84 HPs)
             Began as a Gargoyle Fighter on June 24, 2022.
             Was a High Priest of Okawaru.
             Killed from afar by an ice statue (22 damage)
             ... with a shard of ice
             ... in an ice cave.
             The game lasted 01:19:36 (15115 turns).

nekomimirex the Fighter (Gargoyle Fighter)         Turns: 15115, Time: 01:19:37

Health: -15/84     AC: 23    Str: 22    XL:     12   Next: 30%
Magic:  18/18      EV:  8    Int: 10    God:    Okawaru [*****.]
Gold:   2584       SH:  0    Dex: 23    Spells: 11/11 levels left

rFire   + . .      SeeInvis .   y - +8 quarterstaff "Zasomorol" {elec, rCorr}
rCold   + . .      Faith    +   (shield currently unavailable)
rNeg    + . .      Spirit   .   I - +4 chain mail
rPois   ∞          Reflect  .   (no helmet)
rElec   +          Harm     .   f - scarf {rC+ rF+}
rCorr   +          Rampage  .   (no gloves)
Will    .....                   (no boots)
Stlth   ..........              t - amulet of faith
HPRegen 0.24/turn               s - +6 ring of dexterity
MPRegen 0.16/turn               C - +6 ring of dexterity

@: finesse-ful
A: sickness immunity, AC +8, negative energy resistance 1, electricity
resistance, torment resistance 1, petrification resistance
a: Renounce Religion, Heroism, Finesse, Duel


You were in an ice cave.
You worshipped Okawaru.
Okawaru was extremely pleased with you.
You visited 3 branches of the dungeon, and saw 14 of its levels.
You also visited: Ossuary, Bailey and Ice Cave.

You collected 2584 gold pieces.

Inventory:

Hand Weapons
 q - a +1 whip of draining
 v - the +8 dagger "Virriyso" {vorpal, Str+2}
   (You took it off a gnoll on level 4 of the Dungeon)

   It inflicts extra damage upon your enemies.
   Str:       It affects your strength (+2).
 y - the +8 quarterstaff "Zasomorol" (weapon) {elec, rCorr}
   (You found it on level 5 of the Dungeon)

   It occasionally discharges a powerful burst of electricity upon striking a
   foe.
   rCorr:     It protects you from acid and corrosion.
 A - the +7 longbow of the Lamprey {flame, rElec}
   (Okawaru gifted it to you on level 1 of the Lair of Beasts)

   Any ammunition fired from it burns those it strikes, dealing additional fire
   damage.
   rElec:     It insulates you from electricity.
Missiles
 J - a throwing net (quivered)
Armour
 c - a +0 buckler
 f - a scarf of resistance (worn)
 i - a +0 kite shield
 n - an orb of wrath
 I - a +4 chain mail (worn)
Jewellery
 d - an amulet of the acrobat
 s - a +6 ring of dexterity (left hand)
 t - an amulet of faith (around neck)
 C - a +6 ring of dexterity (right hand)
 D - a +4 ring of protection
Wands
 r - a wand of flame (53)
 F - a wand of polymorph (10)
 P - a wand of iceblast (3)
Scrolls
 a - 3 scrolls of enchant armour
 b - 2 scrolls of teleportation
 e - a scroll of identify
 h - a scroll of brand weapon {unknown}
 l - 3 scrolls of blinking {unknown}
 z - 3 scrolls of enchant weapon {unknown}
 E - 2 scrolls of magic mapping {unknown}
 H - 3 scrolls of vulnerability {unknown}
 K - 4 scrolls of fear {unknown}
 L - 2 scrolls of immolation {unknown}
 M - a scroll of silence {unknown}
Potions
 g - 3 potions of cancellation
 j - 2 potions of magic
 k - 6 potions of brilliance
 m - 5 potions of heal wounds
 o - 3 potions of mutation
 p - 3 potions of flight
 u - 8 potions of curing
 w - a potion of degeneration {unknown}
 x - 2 potions of attraction {unknown}
 B - 2 potions of haste
 G - a potion of lignification {unknown}
 N - a potion of ambrosia {unknown}
 O - a potion of invisibility {unknown}


   Skills:
 * Level 13.1 Fighting
 - Level 3.8 Short Blades
 - Level 5.7(8.2) Maces & Flails
 - Level 9.2(10.0) Staves
 * Level 8.4 Armour
 - Level 3.2 Shields
 + Level 9.2 Invocations


You had 11 spell levels left.
You didn't know any spells.
Your spell library contained the following spells:

 Spells                   Type           Power      Damage    Failure   Level
 Wereblood                Tmut           0%         N/A       98%         2
 Ignite Poison            Fire/Tmut/Pois 0%         N/A       100%        3
 Inner Flame              Hex/Fire       0%         N/A       100%        3
 Mephitic Cloud           Conj/Pois/Air  0%         N/A       100%        3
 Portal Projectile        Hex/Tloc       0%         N/A       100%        3
 Teleport Other           Tloc           0%         N/A       100%        3
 Cause Fear               Hex            0%         N/A       100%        4
 Hailstorm                Conj/Ice       0%         3d3       100%        4
 Ice Form                 Ice/Tmut       0%         N/A       100%        4
 Blade Hands              Tmut           0%         N/A       100%        5
 Excruciating Wounds      Necr           0%         N/A       100%        5
 Freezing Cloud           Conj/Ice/Air   0%         6-21      100%        5
 Irradiate                Conj/Tmut      0%         3d13      100%        5
 Storm Form               Tmut/Air       0%         N/A       100%        7
 Discord                  Hex            0%         N/A       100%        8
 Sublimation of Blood     Necr           Unusable   N/A       N/A         2
 Simulacrum               Ice/Necr       Unusable   N/A       N/A         6
 Summon Hydra             Summ           Unusable   N/A       N/A         7

Dungeon Overview and Level Annotations

Branches:
Dungeon (11/15)            Temple (1/1) D:5            Lair (2/6) D:9
    Orc (0/2) D:9         Ossuary (visited)          Bailey (visited)
  IceCv (1/1)
  Swamp: Lair:2-4    Shoals: Lair:2-4     Snake: Lair:2-4    Spider: Lair:2-4

Altars:
Ashenzari
Cheibriados
Dithmenos
Elyvilon
Fedhas
Gozag
Hepliaklqana
Kikubaaqudgha
Makhleb
Nemelex Xobeh
Okawaru
Qazlal
Ru
Sif Muna
Trog
Uskayaw
Vehumet
Wu Jian
Xom
Yredelemnul
Zin
The Shining One

Shops:
D:7 *

Annotations:
D:7 1 transporter, CthulhuKid's ghost, novice TrMo
D:11 Sonja
Lair:2 3 runed translucent doors, MiltankisOP's ghost, journeyman DrTm IceCv 1 transporter, exclusion: ice statue


Innate Abilities, Weirdness & Mutations

You are immune to sickness and miasma.
Your stone body is resilient. (AC +8)
You are immune to poison.
You resist negative energy. (rN+)
You are resistant to electric shocks. (rElec)
You are resistant to unholy torment.
You are immune to petrification.


Message History

The ice beast hits you but does no damage.
The ice beast completely misses you.
You completely miss the ice statue.
The ice statue is heavily damaged.
You hit the ice statue.
The ice statue is heavily damaged.
The ice beast hits you but does no damage.
The ice beast closely misses you.
You hit the ice statue but do no damage.
The ice statue is heavily damaged.
The ice beast barely misses you.
You sock the ice statue!
The ice statue is severely damaged.
The ice beast hits you but does no damage.
You hit the ice statue but do no damage.
The ice statue is severely damaged.
The ice beast closely misses you. The ice beast barely misses you.
The ice beast misses you.
You sock the ice statue!
The ice statue is almost destroyed.
You sock the ice statue!
You destroy the ice statue!
Okawaru is honoured by your kill.
The ice beast disappears in a puff of smoke! x3
The ice beast hits you. The ice beast freezes you. You resist.
The ice beast hits you but does no damage. x3
The ice beast hits you. The ice beast freezes you. You resist.
* * * LOW HITPOINT WARNING * * *
The ice beast hits you but does no damage.
The ice statue gestures at you. The freezing blast engulfs you! You resist.
* * * LOW HITPOINT WARNING * * *
You are engulfed in freezing vapours.
You resist.
* * * LOW HITPOINT WARNING * * *
The ice beast hits you but does no damage.
You see here Ihik's Almanac of Ice.
The ice beast hits you but does no damage.
The ice statue gestures at you. The shard of ice hits you!!
You partially resist.
You die...

#### ##### #∩.##
###...####
#..8####........##
#..☼8##..........#
#°§○.8#...........
#Y§...#....8......
#YY☼..#8..........
#@)☼.©#©©.[....∩.∩
#)(...#8.)....)...
#.....#.(..8......
#8...8#...........
#...8##..........#
#..8####........##
#©.## ###...####
#### #####


You could see an ice statue and 3 ice beasts.

Vanquished Creatures
  A hydra (Lair:1)
  A vault guard (Bailey)
  2 two-headed ogres (D:11)
  3 death yaks (D:9)
  A manticore (D:11)
  An ugly thing (IceCv)
  A black mamba (Lair:1)
  An ice statue (IceCv)
  An unseen horror (D:11)
  2 rime drakes (Lair:2)
  A kobold demonologist (D:11)
  A freezing wraith (IceCv)
  A troll (D:11)
  Prince Ribbit (Bailey)
  4 blink frogs (Lair:1)
  4 yaks (Lair:2)
  A vampire (D:10)
  9 humans (Bailey)
  A wraith (D:9)
  A basilisk (Lair:2)
  2 steam dragons
  7 water moccasins
  A sky beast (D:8)
  4 ice beasts
  2 orc warriors
  A hornet zombie (D:7)
  A black bear (Lair:1)
  3 necrophages
  3 ogres
  3 centaurs
  12 bullfrogs
  2 gnoll sergeants
  2 scorpions (D:5)
  3 killer bees (D:10)
  4 elephant simulacra (IceCv)
  An electric eel (Lair:2)
  3 wights (D:9)
  5 howler monkeys
  A centaur zombie (D:8)
  A bullfrog skeleton (D:5)
  A jelly (D:4)
  10 orc priests
  A gnoll shaman (D:7)
  Jessica (D:3)
  2 centaur skeletons (D:7)
  6 iguanas
  A hell rat (D:9)
  Natasha (thrice) (D:3)
  6 orc wizards
  A polar bear simulacrum (IceCv)
  A killer bee zombie (D:7)
  8 mummies (Ossuary)
  2 howler monkey zombies (D:10)
  15 gnolls
  5 adders
  A howler monkey skeleton (D:7)
  A river rat (D:9)
  3 shadow imps (D:6)
  A white imp (D:7)
  An ufetubus (D:4)
  An adder skeleton (D:5)
  2 worms
  A dart slug (D:6)
  19 orcs
  7 endoplasms
  2 giant cockroaches (D:1)
  7 goblins
  8 hobgoblins
  3 jackals (D:1)
  6 kobolds
  9 quokkas
  6 ball pythons
  6 bats
  3 frilled lizards (D:1)
  3 gnoll zombies (Ossuary)
  5 hobgoblin zombies
  An orc zombie (Ossuary)
  4 rats
262 creatures vanquished.

Vanquished Creatures (others)
  2 fungi (Lair:2)
  13 plants
15 creatures vanquished.

Grand Total: 277 creatures vanquished

Notes
Turn   | Place    | Note
-------+----------+-------------------------------------------
     0 | D:1      | nekomimirex the Gargoyle Fighter began the quest for the
                  | Orb.
     0 | D:1      | Reached XP level 1. HP: 14/14 MP: 1/1
   172 | D:1      | Reached XP level 2. HP: 19/19 MP: 2/2
   959 | D:2      | Reached XP level 3. HP: 24/24 MP: 3/3
  1715 | D:3      | Reached skill level 4 in Fighting
  1715 | D:3      | Reached XP level 4. HP: 27/29 MP: 4/4
  1770 | D:3      | Noticed Natasha
  1778 | D:3      | Killed Natasha
  1841 | D:3      | Reached XP level 5. HP: 28/34 MP: 5/5
  1933 | D:3      | Found a faded altar of an unknown god.
  1967 | D:3      | Noticed Natasha
  1998 | D:3      | Killed Natasha
  2291 | D:3      | Found an opulent altar of Gozag.
  2734 | D:3      | Noticed Natasha
  2766 | D:3      | Killed Natasha
  2767 | D:3      | Reached skill level 5 in Maces & Flails
  3138 | D:3      | Reached XP level 6. HP: 40/40 MP: 6/6
  3215 | D:3      | Noticed Jessica
  3229 | D:3      | Killed Jessica
  3725 | D:4      | Reached skill level 5 in Fighting
  4317 | D:4      | Identified the +8 dagger "Virriyso" {vorpal, Str+2}
  4731 | D:5      | Entered Level 5 of the Dungeon
  4731 | D:5      | Noticed an ice beast
  4743 | D:5      | Killed an ice beast
  4744 | D:5      | Reached skill level 1 in Short Blades
  4744 | D:5      | Reached XP level 7. HP: 44/44 MP: 7/7
  4776 | D:5      | Found a sand-covered staircase.
  4974 | D:5      | Reached skill level 6 in Fighting
  5021 | Ossuary  | Entered an ossuary
  5577 | D:5      | Reached XP level 8. HP: 47/52 MP: 8/8
  5609 | D:5      | Reached skill level 7 in Fighting
  5728 | D:5      | Identified the +8 quarterstaff "Zasomorol" {elec, rCorr}
  5814 | D:5      | Found a staircase to the Ecumenical Temple.
  5883 | D:5      | Reached skill level 1 in Staves
  5998 | Temple   | Entered the Ecumenical Temple
  6331 | Temple   | Became a worshipper of Warmaster Okawaru
  6505 | D:6      | Reached skill level 8 in Fighting
  6658 | D:6      | Reached * piety under Okawaru
  6886 | D:6      | Reached skill level 1 in Invocations
  6900 | D:6      | Reached XP level 9. HP: 60/60 MP: 8/10
  7063 | D:6      | Found a snail-covered altar of Cheibriados.
  7262 | D:6      | Reached ** piety under Okawaru
  7315 | D:6      | Found a shadowy altar of Dithmenos.
  7412 | D:7      | Found Utik's Elemental Accessories.
  7586 | D:7      | Reached skill level 9 in Fighting
  7719 | D:7      | Found a stormy altar of Qazlal.
  7756 | D:7      | Identified the +3 buckler of Intuition {*Slow rPois Int+3
                  | SInv}
  7829 | D:7      | Found a transporter.
  7851 | D:7      | Identified the ring "Bafisig" {rPois rC- rCorr Str+6
                  | Stlth+}
  7876 | D:7      | Found a transporter.
  7884 | D:7      | Noticed CthulhuKid's ghost (novice TrMo)
  7984 | D:7      | Reached skill level 5 in Staves
  9376 | D:9      | Reached *** piety under Okawaru
  9377 | D:9      | Reached skill level 5 in Invocations
  9389 | D:9      | Reached skill level 10 in Fighting
  9392 | D:9      | Reached XP level 10. HP: 36/68 MP: 11/14
  9749 | D:9      | Found a staircase to the Orcish Mines.
  9772 | D:9      | Noticed a death yak
  9799 | D:9      | Noticed a death yak
  9804 | D:9      | Noticed a death yak
  9806 | D:9      | Killed a death yak
  9814 | D:9      | Killed a death yak
  9814 | D:9      | Reached **** piety under Okawaru
  9822 | D:9      | Killed a death yak
 10050 | D:9      | Found a staircase to the Lair.
 10169 | D:10     | Entered Level 10 of the Dungeon
 10263 | D:10     | Found a flagged portal.
 10358 | Bailey   | Entered a bailey
 10372 | Bailey   | Reached skill level 11 in Fighting
 10561 | Bailey   | Reached ***** piety under Okawaru
 10596 | Bailey   | Reached XP level 11. HP: 40/74 MP: 16/16
 10831 | Bailey   | Identified 3 scrolls of acquirement
 10845 | Bailey   | Noticed Prince Ribbit
 10845 | Bailey   | Noticed a vault guard
 10851 | Bailey   | Killed Prince Ribbit
 10867 | Bailey   | Killed a vault guard
 11036 | Bailey   | Noticed a vault guard
 11392 | D:10     | Reached skill level 5 in Armour
 11796 | D:10     | Acquired 679 gold pieces
 11803 | D:10     | Acquired 445 gold pieces
 11807 | D:10     | Acquired 716 gold pieces
 11824 | D:11     | Noticed a two-headed ogre
 11830 | D:11     | Noticed a sixfirhy
 11837 | D:11     | Killed a two-headed ogre
 12182 | D:11     | Noticed a two-headed ogre
 12191 | D:11     | Killed a two-headed ogre
 12191 | D:11     | Received a gift from Okawaru
 12322 | D:11     | Noticed Sonja
 12622 | D:11     | Noticed a manticore
 12632 | D:11     | Killed a manticore
 12633 | D:11     | Reached skill level 12 in Fighting
 13406 | Lair:1   | Entered Level 1 of the Lair of Beasts
 13500 | Lair:1   | Got the Volume of Unstable Translocation
 13852 | Lair:1   | Identified the +7 longbow of the Lamprey {flame, rElec}
                  | (Okawaru gifted it to you on level 1 of the Lair of Beasts)
 13852 | Lair:1   | Received a gift from Okawaru
 13929 | Lair:1   | Noticed a five-headed hydra
 13941 | Lair:1   | Killed a five-headed hydra
 14106 | Lair:1   | Reached XP level 12. HP: 79/82 MP: 18/18
 14767 | Lair:2   | Found a runed translucent gate.
 14768 | Lair:2   | Found a runed translucent gate.
 14769 | Lair:2   | Found a runed translucent gate.
 14770 | Lair:2   | Noticed MiltankisOP's ghost (journeyman DrTm)
 14772 | Lair:2   | Noticed a 12-headed hydra
 14772 | Lair:2   | Noticed a nine-headed hydra
 15032 | Lair:2   | Found a frozen archway.
 15044 | Lair:2   | Reached skill level 13 in Fighting
 15050 | IceCv    | Entered an ice cave
 15052 | IceCv    | Found a transporter.
 15062 | IceCv    | Received a gift from Okawaru
 15079 | IceCv    | Found the +9 staff of Olgreb {rPois∞}
 15085 | IceCv    | Found a transporter.
 15115 | IceCv    | Killed from afar by an ice statue

Illustrated notes

Levels and vault maps discovered:
D:1:      dpeg_arrival_leaves_temple_mockup, layout_loops_ring
D:2:      layout_loops_cross
D:3:      layout_basic, nicolae_gozag_seed_capital,
          ebering_ecumenical_altar_box, kennysheep_jessica_study, uniq_natasha
D:4:      layout_rooms, nrook_campfire, dk_noncrumbling_2, minmay_misc_feat_x,
          hangedman_decor_push
D:5:      layout_rooms, minmay_temple_entry_mist, enter_ossuary_3
D:6:      layout_loops_corners, kennysheep_slug_shrine, grunt_dithmenos_shadows
D:7:      layout_gridville, grunt_qazlal_clouds, gammafunk_ghost_gnarly_gnolls,
          nicolae_elemental_shop, chequers_decorated_corner
D:8:      layout_basic
D:9:      layout_basic, dpeg_lair_monsters, david_orc_3
D:10:     layout_basic, enter_bailey_6
D:11:     layout_basic, uniq_sonja
Temple:   hc_temple_tempest_star
Lair:1:   layout_loops_ring, chequers_serial_rivers_room_b, grunt_megastairs_2
Lair:2:   layout_layer_cave, portal_ice_cave_entry_pillars_1,
          gammafunk_ghost_hydra_chop, infiniplex_staircase_pool
IceCv:    ice_cave_statue_garden_transporter

Skill      XL: |  1  2  3  4  5  6  7  8  9 10 11 12 |
---------------+-------------------------------------+-----
Maces & Flails | 3 4 5 |  5.7
Fighting       | 4 5 6 8 10 11 12 13 | 13.1
Short Blades   | 1 3 |  3.8
Staves         | 3 6 8 9 |  9.2
Invocations    | 1 5 7 8 9 |  9.2
Armour         | 4 7 8 |  8.4
Shields        | |  3.2

Action                   |  1- 3 |  4- 6 |  7- 9 | 10-12 || total
-------------------------+-------+-------+-------+-------++-------
Melee: Flail             |    24 |       |       |       ||    24
       Whip              |   112 |   197 |       |       ||   309
       Dagger            |       |    10 |   108 |       ||   118
       Quarterstaff      |       |       |   152 |   437 ||   589
Invok: Heroism           |       |       |     1 |    11 ||    12
       Finesse           |       |       |       |     4 ||     4
  Use: Scroll            |       |     5 |     2 |     9 ||    16
       Potion            |       |     1 |       |       ||     1
Armor: Scale mail        |    63 |    52 |       |       ||   115
       Chain mail        |       |    23 |   119 |   210 ||   352
Dodge: Dodged            |    67 |    58 |    77 |   129 ||   331
Block: Buckler           |    25 |     8 |       |       ||    33
       Kite shield       |       |    36 |    37 |       ||    73
